 Dungeon Crawl Stone Soup version 0.24-a0-520-g8fd06ad0bc (webtiles) character file.

Game seed: 4785602233731312723

1461 Gargoyl the Chopper (level 8, -4/67 HPs)
             Began as a Centaur Abyssal Knight on July 25, 2019.
             Was a Priest of Lugonu.
             Slain by an orc warrior
             ... wielding a +0 glaive
              (20 damage)
             ... on level 5 of the Dungeon.
             The game lasted 00:09:15 (8501 turns).

Gargoyl the Chopper (Centaur Abyssal Knight)        Turns: 8501, Time: 00:09:16

Health: -4/67      AC: 10    Str: 15    XL:     8   Next: 48%
Magic:  11/11      EV:  5    Int: 11    God:    Lugonu [***...]
Gold:   367        SH:  0    Dex: 11    Spells: 7/7 levels left

rFire    . . .     SeeInvis .   a - +4 hand axe
rCold    . . .     Gourm    .   (no shield)
rNeg     . . .     Faith    .   f - +1 chain mail
rPois    .         Spirit   .   (no helmet)
rElec    .         Reflect  .   v - +0 cloak
rCorr    .         Harm     .   (no gloves)
MR       ++...                  (no barding)
Stlth    ..........             (no amulet)
HPRegen  0.21/turn              n - ring of protection from magic
MPRegen  0.12/turn              e - ring of protection from magic

@: very quick
A: large, hooves 3, deformed body, speed 2, tough skin 3
a: Depart the Abyss, Bend Space, Banish, Renounce Religion


You were on level 5 of the Dungeon.
You worshipped Lugonu.
Lugonu was most pleased with you.
You were not hungry.

You visited 1 branch of the dungeon, and saw 6 of its levels.
You visited the Abyss 1 time.

You collected 367 gold pieces.

Inventory:

Hand Weapons
 a - a +4 hand axe (weapon)
Armour
 f - a +1 chain mail (worn)
 v - a +0 cloak (worn)
Jewellery
 d - an uncursed ring of flight
 e - a ring of protection from magic (right hand)
 n - a ring of protection from magic (left hand)
 p - an uncursed ring of resist corrosion
Wands
 h - a wand of iceblast (6)
Scrolls
 g - a scroll of teleportation
 s - 2 scrolls of remove curse
Potions
 b - a potion of agility {unknown}
 i - 3 potions of brilliance {unknown}
 j - 3 potions of heal wounds {unknown}
 k - a potion of invisibility {unknown}
 m - a potion of might
 o - a potion of curing
 q - a potion of flight {unknown}
 r - 2 potions of haste {unknown}
 t - 3 potions of cancellation {unknown}
Comestibles
 c - 12 rations
 l - 2 chunks of flesh


   Skills:
 + Level 4.8 Fighting
 + Level 5.2 Axes
 * Level 4.7 Armour
 * Level 2.7 Dodging
 * Level 4.8 Invocations


You had 7 spell levels left.
You didn't know any spells.
Your spell library contained the following spells:

 Spells                   Type           Power        Failure   Level  Hunger
 Beastly Appendage        Tmut           #.....       99%         1    ##.....
 Flame Tongue             Conj/Fire      #....        99%         1    ##.....
 Sticks to Snakes         Tmut           #.......     100%        2    ###....
 Throw Flame              Conj/Fire      #.....       100%        2    ###....
 Conjure Flame            Conj/Fire      #.......     100%        3    ####...
 Inner Flame              Hex/Fire       #.......     100%        3    ####...
 Spider Form              Tmut/Pois      #.........   100%        3    ####...
 Ice Form                 Ice/Tmut       #.......     100%        4    #####..
 Sticky Flame             Conj/Fire      #.......     100%        4    #####..
 Blade Hands              Tmut           #.........   100%        5    ######.
 Fireball                 Conj/Fire      #.........   100%        5    ######.


Dungeon Overview and Level Annotations

Branches:
Dungeon (6/15)             Temple (0/1) D:5

Altars:
Ashenzari
Cheibriados
Qazlal
Vehumet


Innate Abilities, Weirdness & Mutations

You have hooves in place of feet.
Armour fits poorly on your strangely shaped body.
You cover ground very quickly.
You have extremely tough skin. (AC +3)


Message History

You hit the orc warrior. Your kick misses the orc warrior.
The orc warrior is moderately wounded.
The orc warrior hits you with a +0 glaive.
You hit the orc warrior but do no damage.
You kick the orc warrior, but do no damage.
The orc warrior is moderately wounded.
You hit the orc warrior. Your kick misses the orc warrior.
The orc warrior is heavily wounded.
The orc warrior hits you with a +0 glaive.
You hit the orc warrior but do no damage.
The orc warrior is heavily wounded.
The orc warrior hits you with a +0 glaive!
You slash the orc warrior!
The orc warrior is severely wounded.
The orc warrior hits you with a +0 glaive!!
* * * LOW HITPOINT WARNING * * *
You barely miss the orc warrior. Your kick misses the orc warrior.
The orc warrior is severely wounded.
The orc warrior hits you from afar with a +0 glaive!!
You die...

##.#............#.##(.##......
#........##.......#..##......
#.8.8.8...........#...#......
#.⌠.⌠.⌠........#........#...#
#........#(.......#........##
###.>....#..............(....
#.......o................#.
#.....#..>............####.
###.......@...........# ##.
#.####......>.......###.. ###
###..............#..
#.....).......?.....
##............##..###
#.............##..#
##.##......#.....##
#####.#.#.##.#### ###.######


You could see an orc warrior.

Vanquished Creatures
  Sigmund (D:6)
  Edmund (D:6)
  A centaur (D:5)
  2 big kobolds (D:4)
  Blork the orc (D:4)
  A scorpion (D:6)
  3 howler monkeys
  3 hounds
  2 jellies (D:5)
  A bullfrog skeleton (D:6)
  An orc priest (D:3)
  Crazy Yiuf (D:4)
  Jessica (D:3)
  6 worker ants
  10 gnolls (D:4)
  7 adders
  3 oozes
  2 worms
  2 dart slugs
  4 leopard geckos
  11 orcs
  10 bats
  4 giant cockroaches
  31 goblins
  22 hobgoblins
  4 jackals (D:3)
  5 quokkas
  3 ball pythons
  5 frilled lizards
  10 kobolds
  A quokka skeleton (D:4)
  5 rats
164 creatures vanquished.

Notes
Turn   | Place    | Note
-------+----------+-------------------------------------------
     0 | Abyss:1  | Gargoyl the Centaur Abyssal Knight began the quest for the
                  | Orb.
     0 | Abyss:1  | Reached XP level 1. HP: 19/19 MP: 2/2
    25 | Abyss:1  | Found a corrupted altar of Lugonu.
   128 | Abyss:1  | Noticed an ancient zyme
   146 | Abyss:1  | Noticed a quasit
   151 | D:1      | Escaped the Abyss
   461 | D:1      | Reached XP level 2. HP: 24/26 MP: 3/3
   662 | D:1      | Reached * piety under Lugonu
   872 | D:1      | Reached skill level 2 in Axes
   872 | D:1      | Reached skill level 1 in Dodging
  1243 | D:2      | Reached XP level 3. HP: 24/31 MP: 4/4
  1494 | D:2      | Found a shattered altar of Ashenzari.
  2013 | D:3      | Found a faded altar of an unknown god.
  2244 | D:2      | Reached XP level 4. HP: 35/39 MP: 2/5
  3100 | D:3      | Found a stormy altar of Qazlal.
  3174 | D:3      | Reached XP level 5. HP: 46/46 MP: 7/7
  3256 | D:3      | Noticed Jessica
  3260 | D:3      | Killed Jessica
  3589 | D:4      | Noticed Blork the orc
  3600 | D:4      | Killed Blork the orc
  3600 | D:4      | Reached skill level 3 in Axes
  3659 | D:3      | Reached ** piety under Lugonu
  3661 | D:3      | HP: 2/46 [poisoned by a worker ant]
  3972 | D:3      | Reached XP level 6. HP: 34/52 MP: 3/8
  4991 | D:4      | Found a snail-covered altar of Cheibriados.
  5715 | D:4      | Reached XP level 7. HP: 45/59 MP: 7/9
  6131 | D:4      | Reached skill level 4 in Axes
  6455 | D:4      | Reached *** piety under Lugonu
  6626 | D:4      | Found a runed translucent door.
  6627 | D:4      | Noticed Crazy Yiuf
  6922 | D:4      | Killed Crazy Yiuf
  7053 | D:5      | Entered Level 5 of the Dungeon
  7490 | D:5      | Found a staircase to the Ecumenical Temple.
  7715 | D:5      | Reached XP level 8. HP: 58/67 MP: 11/11
  8109 | D:6      | Noticed Edmund
  8150 | D:6      | Killed Edmund
  8150 | D:6      | Reached skill level 5 in Axes
  8323 | D:6      | Noticed Sigmund
  8329 | D:6      | Killed Sigmund
  8422 | D:6      | Found a radiant altar of Vehumet.
  8501 | D:5      | Slain by an orc warrior

Levels and vault maps discovered:
D:1:      lightli_arrival_flooded_house, layout_basic
D:2:      layout_loops_ring, ashenzari_conservatory_becter,
          minmay_misc_feat_square
D:3:      kennysheep_six_static_rooms, layout_basic,
          nicolae_overflow_hidden_temple,
          chequers_ecumenical_altar_simple_redux, uniq_jessica
D:4:      minmay_goblin_kobold_castle, layout_layer_cave, cheibriados_altar_1,
          first_ration, minmay_close_crescents, uniq_blork_the_orc,
          uniq_crazy_yiuf_cottage
D:5:      layout_cave_pools, minmay_temple_entry_drinking_statues
D:6:      layout_basic, old_standard_altar, uniq_prince_ribbit1, uniq_sigmund,
          uniq_edmund, uniq_pikel, uniq_menkaure

Skill      XL: |  1  2  3  4  5  6  7  8 |
---------------+-------------------------+-----
Axes           | 2 3 4 5 |  5.2
Dodging        | 1 2 |  2.7
Armour         | 2 3 4 |  4.7
Invocations    | 3 4 |  4.8
Fighting       | 4 |  4.8

Action                   |  1- 3 |  4- 6 |  7- 9 || total
-------------------------+-------+-------+-------++-------
Melee: Hand axe          |    92 |   173 |   199 ||   464
       Kick              |    13 |    27 |    48 ||    88
Invok: Depart the Abyss  |     1 |       |       ||     1
Evoke: Wand              |       |     2 |       ||     2
  Use: Scroll            |     4 |     5 |     2 ||    11
       Potion            |       |     2 |       ||     2
  Eat: Chunk             |     2 |    10 |     8 ||    20
Armor: Leather armour    |    19 |       |       ||    19
       Chain mail        |    73 |   118 |   144 ||   335
Dodge: Dodged            |    56 |    60 |    56 ||   172

Table legend:
 A = Non-vault XP
 B = Vault XP
 C = Vault XP percentage of total XP
 D = Non-vault monster count
 E = Vault monster count
 F = Vault count percentage of total count
                 A         B        C        D         E       F
            +---------+---------+-------+---------+---------+-------
      Total |     985 |    1103 |  52.8 |      92 |      72 |  43.9
            +---------+---------+-------+---------+---------+-------
        D:1 |      35 |       0 |   0.0 |      18 |       0 |   0.0
        D:2 |      62 |       0 |   0.0 |      15 |       0 |   0.0
        D:3 |      90 |     130 |  59.1 |      24 |      10 |  29.4
        D:4 |     287 |     586 |  67.1 |      15 |      60 |  80.0
        D:5 |     344 |       0 |   0.0 |      16 |       0 |   0.0
        D:6 |     167 |     387 |  69.9 |       4 |       2 |  33.3
            +---------+---------+-------+---------+---------+-------
